cohdb
Replays
Latest Replays
All Replays
Popular Replays
Top Player Replays
Match Explorer
How It Works
Community
CoH3 Stats
Reddit
Sign in to upload your games and track your stats! →
Sign in with Steam
Match 45203995
Unlisted
Match 45203995
Overview
Messages
Build Orders
End
Kettenkrad Recon Vehicle
Construct Infanterie Kompanie
MG 42 Machine Gun Team
Grenadier Squad
GrW 34 Mortar Team
MG 42 Machine Gun Team
Construct Panzergrenadier Kompanie
Panzergrenadier Squad
Grenadier Squad
Medical Station
Support Elements
Selects Breakthrough Battlegroup
Selects Assault Grenadiers
Selects Breakthrough
Selects 2.5-tonne Cargo Truck
251 Medium Carrier
Selects Incendiary Bombing Run
StuG III G Assault Gun
Side Skirts
Grenadier Squad
MG 42 Machine Gun Team
GrW 34 Mortar Team
StuG III G Assault Gun
Incendiary Bombing Run
Breakthrough
StuG III G Assault Gun
Incendiary Bombing Run
Breakthrough
Construct Panzer Kompanie
Selects Blitzkrieg
Sturmpanzer IV Brummbär
VIthCents
Skittles13
CorpoBear
kaikaisama
Nightshade878
Dat Guy
Crenade(Cana)
嫂子开门我是我哥
0
0
Comments
sign in to comment!
No comments posted yet!